 Dungeon Crawl Stone Soup version 0.29.0-11-gd7f09526c8 (webtiles) character file.

Game seed: 10975362083836000981

72 greasedhog the Sneak (level 4, -2/27 HPs)
             Began as a Vampire Abyssal Knight on Sept 2, 2022.
             Was a Priest of Lugonu.
             Slain by a gnoll
             ... wielding a +0 flail
              (8 damage)
             ... on level 3 of the Dungeon.
             The game lasted 00:02:19 (1843 turns).

greasedhog the Sneak (Vampire Abyssal Knight)       Turns: 1843, Time: 00:02:19

Health: -2/27      AC:  6    Str: 12    XL:     4   Next: 7%
Magic:  5/5        EV: 12    Int: 12    God:    Lugonu [***...]
Gold:   115        SH:  0    Dex: 16    Spells: 3/3 levels left

rFire   . . .      SeeInvis +   a - +1 short sword
rCold   + + .      Faith    .   (no shield)
rNeg    + + +      Spirit   .   b - +0 leather armour
rPois   ∞          Reflect  .   (no helmet)
rElec   .          Harm     .   (no cloak)
rCorr   .          Rampage  .   (no gloves)
Will    .....                   j - +2 pair of boots
Stlth   +++++.....              (no amulet)
HPRegen 0.00/turn               (no ring)
MPRegen 0.09/turn               (no ring)

@: bloodless, inhibited regen
A: bloodless, fangs 3, see invisible, vampiric 2
a: Bat Form, Revivify, Renounce Religion, Depart the Abyss, Bend Space, Banish


You were on level 3 of the Dungeon.
You worshipped Lugonu.
Lugonu was most pleased with you.
You visited 1 branch of the dungeon, and saw 3 of its levels.
You visited the Abyss 1 time.

You collected 115 gold pieces.

Inventory:

Hand Weapons
 a - a +1 short sword (weapon)
Armour
 b - a +0 leather armour (worn)
 j - a +2 pair of boots (worn)
Jewellery
 l - an amulet of faith
Scrolls
 e - a scroll of butterflies
 h - a scroll of silence
 m - a scroll of vulnerability
Potions
 c - a potion of degeneration {unknown}
 d - a potion of attraction {unknown}
 f - 2 potions of curing {unknown}
 g - a potion of brilliance {unknown}
 i - a potion of haste {unknown}
 k - a potion of might {unknown}
 n - a potion of heal wounds {unknown}
 o - a potion of lignification {unknown}


   Skills:
 - Level 2.6 Fighting
 * Level 3.7 Short Blades
 - Level 0.7 Armour
 - Level 2.1 Dodging
 * Level 4.2 Stealth
 - Level 1.5 Invocations


You had 3 spell levels left.
You didn't know any spells.
Your spell library was empty.

Dungeon Overview and Level Annotations

Branches:
Dungeon (3/15)

Altars:

Shops:
D:2 *


Innate Abilities, Weirdness & Mutations

You do not regenerate when monsters are visible.
You are frail without blood (-20% HP).
You can heal yourself when you bite living creatures.
You are immune to poison.
You have razor-sharp teeth.
You have supernaturally acute eyesight. (SInv)
You are afflicted with vampirism and can become a bat while bloodless.


Message History

The adder bites you but does no damage.
You barely miss the adder.
The adder is almost dead.
The adder misses you.
You hit the adder.
You kill the adder!
Lugonu accepts your kill.
You have reached level 4!
There is a stone staircase leading down, spattered with blood here.
You start resting.
HP restored.
You climb downwards.
There is a stone staircase leading up here.
You now have 110 gold pieces (gained 5).
You now have 115 gold pieces (gained 5).
A gnoll comes into view.
It is wielding a +0 spear. 2 gnolls come into view.
A gnoll is wielding a +0 halberd of flaming.
A hobgoblin comes into view.
The gnoll shouts!
You start waiting.
A gnoll is nearby!
A bat comes into view.
A gnoll comes into view. It is wielding a +0 flail.
Found 20 gold pieces.
The gnoll shouts! x4
The gnoll hits you with a +0 flail. The gnoll closely misses you.
You hit the gnoll. Your bite misses the gnoll.
The gnoll is lightly wounded.
The gnoll closely misses you. The gnoll hits you but does no damage.
The gnoll hits you with a +0 flail. The gnoll attacks as you move away!
The gnoll hits you with a +0 flail.
A worm comes into view.
You closely miss the gnoll.
The gnoll is lightly wounded.
The gnoll hits you from afar with a +0 spear.
The gnoll hits you with a +0 flail.
* * * LOW HITPOINT WARNING * * *
The gnoll attacks as you move away! The gnoll hits you with a +0 flail!
You die...

.......<......... .
..##...#..###### .#
###..#.....# .
#....###.##### .#
#.....##.....##.###
#.....######......#..
##......# ##..........
.......#b###...........
###....gg.gg@..........
#....####............
....... ##.....w.....
###....# #...........
#.b.. #........... ###
.#.......... . ...$...
. .......


You could see a worm (wandering), 4 gnolls and a bat.

Vanquished Creatures
  2 adders (D:2)
  A worm (D:2)
  3 bats
  3 endoplasms (D:2)
  A giant cockroach (D:1)
  11 goblins
  2 hobgoblins
  4 jackals (D:1)
  2 quokkas
  8 ball pythons
  5 frilled lizards
  2 kobolds
  3 rats
47 creatures vanquished.

Notes
Turn   | Place    | Note
-------+----------+-------------------------------------------
     0 | Abyss:1  | greasedhog the Vampire Abyssal Knight began the quest for
                  | the Orb.
     0 | Abyss:1  | Reached XP level 1. HP: 17/17 MP: 2/2
     1 | D:1      | Escaped the Abyss
    95 | D:1      | Reached skill level 1 in Stealth
   254 | D:1      | Reached XP level 2. HP: 23/23 MP: 3/3
   259 | D:1      | Reached skill level 2 in Stealth
   799 | D:2      | Reached skill level 3 in Stealth
   801 | D:2      | Reached *** piety under Lugonu
   802 | D:2      | Gained mutation: You are afflicted with vampirism and can
                  | become a bat while bloodless. [Vampire growth]
   802 | D:2      | Reached XP level 3. HP: 24/28 MP: 4/4
  1260 | D:2      | Found a faded altar of an unknown god.
  1460 | D:2      | Found Gog Kue's General Store.
  1596 | D:2      | Reached skill level 4 in Stealth
  1610 | D:2      | Reached XP level 4. HP: 11/27 MP: 5/5
  1843 | D:3      | Slain by a gnoll

Illustrated notes

Levels and vault maps discovered:
D:1:      evilmike_arrival_crescent, layout_basic,
          minmay_misc_feat_secret_circle
D:2:      layout_loops_ring, dreamdust_ecumenical_altar_statues, serial_shops,
          nicolae_shop_crystal, nicolae_wormholes
D:3:      layout_rooms, uniq_terence

Skill      XL: |  1  2  3 |
---------------+----------+-----
Stealth        | 1 3 4 |  4.2
Short Blades   | 3 |  3.7
Fighting       | |  2.6
Armour         | |  0.7
Dodging        | |  2.1
Invocations    | |  1.5

Action                   |  1- 3 |  4- 6 || total
-------------------------+-------+-------++-------
Melee: Short sword       |   158 |     2 ||   160
       Bite              |    10 |       ||    10
       Punch             |     1 |       ||     1
 Abil: Exsanguinate      |     2 |       ||     2
  Use: Scroll            |     3 |       ||     3
 Stab: Sleeping          |     7 |       ||     7
       Distracted        |     1 |       ||     1
Armor: Leather armour    |    46 |     1 ||    47
Dodge: Dodged            |   114 |     2 ||   116
